 Dungeon Crawl Stone Soup version 0.23.1 (webtiles) character file.

Game seed: 10198957165315875241

409 Fekk the Conjurer (level 6, -3/48 HPs)
             Began as a Draconian Conjurer on Mar 16, 2019.
             Killed from afar by an orc wizard (7 damage)
             ... with a magic dart
             ... on level 4 of the Dungeon.
             The game lasted 00:15:18 (4522 turns).

Fekk the Conjurer (Draconian Conjurer)              Turns: 4522, Time: 00:15:18

Health: -3/48      AC:  9    Str:  9 (11) XL:     6   Next: 58%
Magic:  4/11       EV: 12    Int: 15 (16) God:
Gold:   185        SH:  0    Dex:  9 (12) Spells: 4/12 levels left

rFire    . . .     SeeInvis .   v - +4 mace
rCold    . . .     Gourm    .   (no shield)
rNeg     . . .     Faith    .   (armour unavailable)
rPois    .         Spirit   .   (helmet restricted)
rElec    .         Reflect  .   x - +0 cloak
rCorr    .         Harm     .   (no gloves)
MR       .....                  s - +1 pair of boots
Stlth    ++........             (no amulet)
HPRegen  0.16/turn              (no ring)
MPRegen  0.12/turn              (no ring)

@: berserk cooldown, slowed, very slow
A: unfitting armour, cold-blooded, AC +6
a: no special abilities


You were on level 4 of the Dungeon.
You were very hungry.

You visited 1 branch of the dungeon, and saw 4 of its levels.

You collected 185 gold pieces.

Inventory:

Hand Weapons
 a - a +0 dagger
 m - a +0 blowgun
 v - a +4 mace (weapon)
 w - a +0 club
Missiles
 n - 169 stones (quivered)
 r - 2 throwing nets
 y - 13 poisoned needles
 A - 3 tomahawks
Armour
 l - a +0 pair of gloves
 s - a +1 pair of boots (worn)
 x - a +0 cloak (worn)
Wands
 u - a wand of flame (14)
Scrolls
 c - a scroll of remove curse {unknown}
 d - a scroll of fear {unknown}
 g - 4 scrolls of fog {unknown}
 h - 5 scrolls of identify {unknown}
 j - a scroll of amnesia {unknown}
 k - 2 scrolls of magic mapping {unknown}
 o - a scroll of immolation {unknown}
 q - 2 scrolls of teleportation {unknown}
Potions
 f - a potion of might {unknown}
 i - a potion of haste {unknown}
 p - a potion of degeneration
 t - a potion of cancellation {unknown}
Comestibles
 b - 8 rations


   Skills:
 + Level 2.2 Fighting
 - Level 1.5 Short Blades
 - Level 0.2 Maces & Flails
 - Level 1.7 Dodging
 + Level 2.9 Stealth
 + Level 3.7 Spellcasting
 + Level 5.9 Conjurations


You had 4 spell levels left.
You knew the following spells:

 Your Spells              Type           Power        Failure   Level  Hunger
a - Magic Dart            Conj           ###.         1%          1    None
b - Iskenderun's Mystic   Conj           ###.....     16%         4    ####...
c - Dazzling Spray        Conj/Hex       ##....       17%         3    ###....

Your spell library contained the following spells:

 Spells                   Type           Power        Failure   Level  Hunger
 Searing Ray              Conj           ###...       2%          2    ##.....
 Force Lance              Conj/Tloc      ##......     50%         4    ####...
 Fulminant Prism          Conj/Hex       ##........   50%         4    ####...


Dungeon Overview and Level Annotations

Branches:
Dungeon (4/15)
 Temple: D:4-7

Altars:
Hepliaklqana
Nemelex Xobeh
Qazlal


Innate Abilities, Weirdness & Mutations

Your plain brown scales are hard. (AC +6)
You cannot fit into any form of body armour.
You are cold-blooded and may be slowed by cold attacks.


Message History

You miss something. The orc hits you but does no damage.
Something hits you but does no damage.
You closely miss something.
Your tail-slap misses something.
The orc wizard mumbles some strange words.
The orc wizard blinks!
The orc completely misses you. Something hits you but does no damage.
You sock something! You tail-slap something.
Reactivating autopickup.
You feel a bit more experienced. The orc barely misses you.
You sock the orc!
You kill the orc!
You feel a strong urge to attack something.
You are no longer berserk.
You are exhausted.
You feel yourself slow down. The orc wizard casts a spell at you.
You resist with some effort. The orc wizard casts a spell at you.
The magic dart hits you!
You die...

### #.# #.## #### ##..#
###..###...# ##.).......##
####))..@o...## #####
#.....##...<..######...##
.)...######.......<......>..
.... #................. ...
#....############# . #...##
#### #...# ##..# #...####
##.... #......######..###


You could see an orc wizard.

Vanquished Creatures
  A scorpion (D:4)
  2 orc priests
  4 orc wizards (D:4)
  Jessica (D:3)
  Robin (D:3)
  5 adders
  3 worms
  4 dart slugs
  3 leopard geckos
  9 orcs
  9 bats
  5 giant cockroaches
  17 goblins
  11 hobgoblins
  7 jackals
  6 kobolds
  A ball python (D:1)
  3 frilled lizards
  A jackal zombie (D:3)
  9 rats
102 creatures vanquished.

Notes
Turn   | Place    | Note
-------+----------+-------------------------------------------
     0 | D:1      | Fekk the Draconian Conjurer began the quest for the Orb.
     0 | D:1      | Reached XP level 1. HP: 14/14 MP: 3/3
   334 | D:1      | Reached XP level 2. HP: 20/20 MP: 0/5
   950 | D:2      | Found a faded altar of an unknown god.
  1014 | D:2      | Reached XP level 3. HP: 25/26 MP: 0/6
  1256 | D:2      | Found a sparkling altar of Nemelex Xobeh.
  1569 | D:2      | Reached skill level 5 in Conjurations
  1828 | D:2      | Reached XP level 4. HP: 34/34 MP: 7/7
  2158 | D:2      | Reached skill level 1 in Short Blades
  2226 | D:2      | Found a hazy altar of Hepliaklqana.
  2416 | D:3      | Reached skill level 1 in Fighting
  2554 | D:3      | Noticed Jessica
  2605 | D:3      | Killed Jessica
  2605 | D:3      | Reached XP level 5. HP: 40/40 MP: 1/9
  2711 | D:3      | Noticed Robin
  2717 | D:3      | Killed Robin
  2945 | D:3      | Found a stormy altar of Qazlal.
  3282 | D:3      | Learned a level 4 spell: Iskenderun's Mystic Blast
  3968 | D:2      | Learned a level 3 spell: Dazzling Spray
  4369 | D:4      | Reached XP level 6. HP: 46/48 MP: 2/11
  4522 | D:4      | Killed from afar by an orc wizard

Skill      XL: |  1  2  3  4  5 |
---------------+----------------+-----
Conjurations   | 5 |  5.9
Short Blades   | 1 |  1.5
Fighting       | 1 2 |  2.2
Spellcasting   | 3 |  3.7
Stealth        | 2 |  2.9
Maces & Flails | |  0.2
Dodging        | |  1.7

Action                   |  1- 3 |  4- 6 || total
-------------------------+-------+-------++-------
Melee: Dagger            |   101 |    31 ||   132
       Tailslap          |    15 |    15 ||    30
       Mace              |       |    69 ||    69
 Cast: Magic Dart        |    69 |    74 ||   143
       Iskenderun's Myst |       |     1 ||     1
  Use: Potion            |       |     2 ||     2
 Stab: Sleeping          |     2 |     4 ||     6
  Eat: Chunk             |     4 |     8 ||    12
Armor: Skin              |    36 |    61 ||    97
Dodge: Dodged            |    74 |    82 ||   156
